Map: Бюро находок РВ

Players

Murena

  • Race: Terran Terran
  • League: Bronze
  • Spawn Location: 7:00

ИИ 1 (эксперт) - Winner!

  • Race: Zerg Zerg
  • Spawn Location: 1:00

VOD

Have the link to the VOD?

Description

Time

  • Played on: Nov. 9, 2018, 12:53 p.m.
  • Length: 9:03
Show
View Real Time Build Order
Export as new Build Order

Murena Terran 

Build Orders: Mech 

Get SALT Encoding   

  12  0:01  SCV  
  13  0:13  SCV  
  14  0:18  Supply Depot  
  14  0:25  SCV  
  15  0:31  Refinery  
  15  0:39  SCV  
  16  0:46  Barracks  
  16  0:53  SCV  
  17  1:05  SCV, Refinery  
  18  1:17  SCV  
  19  1:27  Supply Depot  
  19  1:29  SCV  
  20  1:34  Marine  
  21  1:41  Factory  
  21  1:44  SCV  
  22  1:53  Marine  
  23  1:58  SCV  
  24  2:07  Factory  
  24  2:14  Barracks Tech Lab  
  24  2:16  Orbital Command  
  24  2:26  Hellion  
  26  2:33  Supply Depot  
  26  2:41  Engineering Bay  
  26  2:45  SCV  
  26  2:48  Factory Tech Lab  
  27  2:52  Factory Reactor  
  27  2:58  Marauder  
  29  3:02  SCV  
  30  3:11  Hellion  
  32  3:16  SCV  
  33  3:22  Combat Shield  
  33  3:25  Marauder  
  35  3:31  Hellion  
  35  3:32  Hellion  
  39  3:37  Supply Depot  
  39  3:52  Starport  
  39  3:55  Missile Turret  
  39  4:01  Hellion  
  43  4:03  Hellion  
  43  4:05  Hellion  
  45  4:12  Supply Depot  
  45  4:15  SCV  
  46  4:18  Marine  
  47  4:24  Terran Infantry Weapons Level 1  
  47  4:38  Starport Reactor  
  47  4:42  Widow Mine  
  47  4:43  Hellion  
  47  4:45  Cyclone  
  54  4:52  Supply Depot  
  48  5:12  Marine  
  48  5:14  Cyclone  
  50  5:15  Hellion  
  50  5:17  Hellion  
  42  5:29  Marine  
  42  5:32  Medivac x2  
  47  5:36  Hellion  
  47  5:37  SCV  
  47  5:42  Cyclone  
  53  5:47  Marine  
  54  5:52  Hellion  
  56  6:00  Armory  
  56  6:02  SCV  
  57  6:06  Marauder  
  59  6:22  Hellion  
  59  6:23  Hellion  
  63  6:30  Supply Depot  
  63  6:34  Terran Infantry Armor Level 1  
  63  6:37  Stimpack  
  63  6:38  Infernal Pre-Igniter  
  63  6:50  Supply Depot  
  63  6:51  SCV, Marine  
  53  7:11  Marine  
  53  7:13  Hellbat  
  53  7:14  Hellbat  
  37  7:33  Hellion  
  37  7:34  Command Center  
  39  7:37  SCV  
  39  7:42  Hellion  
  42  8:02  Thor  
  48  8:09  SCV  
  49  8:22  SCV, Bunker  
  49  8:23  Medivac  
  52  8:29  Hellion  
  54  8:42  SCV  
Show
View Real Time Build Order
Export as new Build Order

ИИ 1 (эксперт) Zerg - Winner!

Build Orders: Pool First 

Get SALT Encoding   

  12  0:00  Drone  
  13  0:12  Overlord  
  13  0:16  Drone  
  14  0:31  Drone x2  
  16  0:43  Spawning Pool  
  16  0:45  Drone  
  16  0:49  Drone  
  17  1:11  Hatchery  
  16  1:14  Drone  
  16  1:17  Extractor  
  16  1:19  Drone  
  16  1:22  Extractor  
  16  1:24  Drone  
  17  1:29  Drone  
  18  1:38  Drone  
  19  1:49  Overlord  
  19  1:55  Queen  
  22  2:01  Zergling x2  
  22  2:11  Drone  
  23  2:22  Queen  
  23  2:25  Drone  
  26  2:33  Drone  
  26  2:36  Drone  
  28  2:41  Drone  
  29  2:54  Roach Warren  
  29  2:56  Drone  
  29  2:58  Drone  
  29  3:02  Zergling x2  
  29  3:05  Zergling x2  
  32  3:11  Overlord  
  32  3:14  Drone  
  32  3:17  Drone  
  34  3:33  Roach  
  36  3:35  Roach  
  36  3:36  Roach x2  
  36  3:41  Lair  
  42  3:45  Overlord  
  42  3:50  Overlord  
  42  3:53  Zergling x2  
  43  3:55  Zergling x2  
  44  4:03  Drone x2, Zergling x2  
  44  4:05  Drone  
  44  4:08  Drone  
  49  4:10  Drone  
  49  4:15  Overlord  
  50  4:19  Roach  
  50  4:23  Roach  
  54  4:27  Roach  
  54  4:29  Roach  
  58  4:32  Overlord  
  58  4:39  Drone  
  58  4:41  Drone  
  58  4:43  Hydralisk Den, Drone  
  60  4:47  Roach  
  60  4:50  Roach  
  60  4:51  Zergling x2  
  61  4:53  Zergling x2  
  61  4:56  Zergling x2  
  61  4:58  Zergling x2  
  63  5:00  Zergling x2  
  63  5:06  Drone  
  65  5:07  Drone  
  65  5:11  Overlord  
  65  5:13  Drone  
  65  5:14  Hydralisk  
  65  5:16  Hydralisk  
  65  5:19  Drone  
  65  5:21  Drone  
  66  5:23  Drone  
  66  5:25  Drone  
  66  5:26  Drone  
  66  5:28  Drone  
  69  5:30  Drone  
  70  5:36  Drone x2  
  70  5:37  Drone  
  73  5:43  Infestation Pit  
  73  5:46  Drone  
  73  5:48  Overlord  
  73  5:51  Roach  
  73  5:53  Roach  
  73  5:55  Roach  
  79  6:05  Ravager  
  79  6:07  Evolution Chamber  
  79  6:08  Overlord  
  79  6:09  Overseer  
  79  6:10  Drone  
  80  6:12  Roach  
  80  6:14  Hatchery  
  81  6:19  Infestor  
  81  6:23  Infestor  
  85  6:27  Evolution Chamber  
  85  6:28  Ravager, Drone  
  86  6:33  Zerg Missile Weapons Level 1, Roach  
  86  6:38  Extractor  
  86  6:39  Drone  
  88  6:40  Extractor  
  88  6:41  Drone, Hydralisk  
  88  6:42  Overlord  
  90  6:51  Hydralisk  
  90  6:53  Zerg Ground Armor Level 1  
  92  7:00  Drone x2  
  94  7:02  Drone x3, Overlord  
  94  7:04  Zergling x6  
  94  7:09  Roach  
  94  7:11  Roach, Zergling x4  
  94  7:15  Roach  
  96  7:18  Roach  
  96  7:21  Infestor  
  100  7:27  Drone x2  
  100  7:28  Drone x2  
  104  7:31  Drone  
  104  7:35  Extractor  
  104  7:36  Drone  
  105  7:38  Drone  
  105  7:43  Drone, Infestor, Overlord  
  109  7:47  Drone  
  109  7:49  Drone x2, Roach  
  114  7:54  Pathogen Glands, Drone  
  114  7:58  Drone  
  116  7:59  Extractor  
  116  8:00  Drone  
  116  8:04  Overlord  
  116  8:09  Drone  
  116  8:10  Drone  
  118  8:15  Drone x2, Roach  
  118  8:16  Spine Crawler, Drone  
  118  8:19  Drone  
  123  8:20  Drone, Roach  
  123  8:21  Drone  
  123  8:22  Drone  
  128  8:27  Overlord  
  128  8:30  Drone  
  128  8:33  Drone  
  130  8:38  Drone, Spine Crawler  
  130  8:41  Drone  
Tags
 
Composition
Mech
League
Bronze
Matchup
ЗvТ
Opening
Pool First
Spawn Locations
Cross Positions
Add a new tag
Caveats
  • Supply blocks, unpowered buildings, or Contaminate may cause inaccurate times.
  • Supply counts are checked every 10 seconds.